 Dungeon Crawl Stone Soup version 0.24.0-2-g5b39cebb1c (webtiles) character file.

Game seed: 612397545735198891, levelgen mode: deterministic

69 Fv001 the Cudgeler (level 4, 0/34 HPs)
             Began as a Demonspawn Gladiator on Oct 30, 2019.
             Slain by Grinder (3 damage)
             ... while paralysed by Grinder
             ... on level 3 of the Dungeon.
             The game lasted 00:06:07 (2211 turns).

Fv001 the Cudgeler (Demonspawn Gladiator)           Turns: 2211, Time: 00:06:08

Health: 0/34       AC:  8    Str: 15    XL:     4   Next: 2%
Magic:  4/4        EV:  2    Int: 10    God:
Gold:   100        SH:  0    Dex: 14    Spells: 3/3 levels left

rFire    . . .     SeeInvis .   a - +0 flail
rCold    . . .     Gourm    .   (no shield)
rNeg     . . .     Faith    .   i - +0 scale mail
rPois    .         Spirit   .   c - +0 helmet
rElec    .         Reflect  .   (no cloak)
rCorr    .         Harm     .   h - +0 pair of gloves
MR       .....                  (no boots)
Stlth    ..........             (no amulet)
HPRegen  0.11/turn              (no ring)
MPRegen  0.09/turn              (no ring)

@: paralysed
A: claws 2
a: no special abilities


You were on level 3 of the Dungeon.
You were not hungry.

You visited 1 branch of the dungeon, and saw 3 of its levels.

You collected 100 gold pieces.

Inventory:

Hand Weapons
 a - a +0 flail (weapon)
 b - a +0 dagger
Missiles
 d - a throwing net (quivered)
Armour
 c - a +0 helmet (worn)
 h - a +0 pair of gloves (worn)
 i - a +0 scale mail (worn)
Scrolls
 e - a scroll of remove curse {unknown}
 j - a scroll of amnesia {unknown}
 q - a scroll of teleportation {unknown}
Potions
 g - a potion of cancellation
 k - a potion of magic
 l - a potion of berserk rage
 m - a potion of mutation
 n - a potion of heal wounds
 o - a potion of agility {unknown}
 r - a potion of might {unknown}
Comestibles
 f - 5 rations


   Skills:
 + Level 2.3 Fighting
 * Level 3.3 Maces & Flails
 + Level 2.2 Throwing
 + Level 1.0 Armour
 * Level 3.2 Dodging


You had 3 spell levels left.
You didn't know any spells.
Your spell library was empty.

Dungeon Overview and Level Annotations

Branches:
Dungeon (3/15)

Altars:
Vehumet

Annotations:
D:3 Grinder


Innate Abilities, Weirdness & Mutations

You have very sharp fingernails.


Message History

Grinder struggles against the net.
You sock Grinder!
Grinder is heavily wounded.
Grinder blinks!
Items here: ( ) [ † a throwing net; a +0 mace; a +0 ring mail; an orc corpse
d - a throwing net Grinder gestures at you.
You suddenly lose the ability to move!
Grinder gestures at you.
You barely resist. Grinder hits you but does no damage.
Grinder gestures at you. Pain shoots through your body!
* * * LOW HITPOINT WARNING * * *
Grinder hits you but does no damage. Grinder hits you.
* * * LOW HITPOINT WARNING * * *
You writhe in agony.
You die...

#.#.#
#######.#.#
#<....#.#.#
#.###.#...#
#.# #.#...#
#.# #.#...#
..# #.#5..#
### #.#@#
#.#.# #...#
#####


You could see Grinder.

Vanquished Creatures
  2 adders (D:2)
  A gnoll (D:1)
  An ooze (D:2)
  A dart slug (D:1)
  2 leopard geckos (D:1)
  An orc (D:3)
  A ball python (D:1)
  2 giant cockroaches
  2 goblins
  3 hobgoblins
  2 jackals (D:1)
  A quokka (D:2)
  5 bats
  2 frilled lizards (D:1)
  4 kobolds
  5 rats
35 creatures vanquished.

Notes
Turn   | Place    | Note
-------+----------+-------------------------------------------
     0 | D:1      | Fv001 the Demonspawn Gladiator began the quest for the Orb.
     0 | D:1      | Reached XP level 1. HP: 16/16 MP: 1/1
    38 | D:1      | Gained mutation: You have sharp fingernails. [demonic
                  | ancestry]
    38 | D:1      | Reached XP level 2. HP: 22/22 MP: 2/2
   629 | D:1      | Gained mutation: You have very sharp fingernails. [demonic
                  | ancestry]
   629 | D:1      | Reached XP level 3. HP: 27/27 MP: 3/3
  1344 | D:2      | Found a radiant altar of Vehumet.
  1615 | D:2      | Reached skill level 1 in Armour
  2166 | D:3      | Noticed Grinder
  2167 | D:3      | Reached XP level 4. HP: 34/34 MP: 4/4
  2167 | D:3      | Paralysed by Grinder for 5 turns
  2183 | D:3      | Paralysed by Grinder for 5 turns
  2194 | D:3      | Paralysed by Grinder for 5 turns
  2205 | D:3      | Paralysed by Grinder for 7 turns
  2211 | D:3      | Slain by Grinder

Levels and vault maps discovered:
D:1:      dpeg_arrival_round_c, layout_basic, minmay_distorted
D:2:      layout_loops_ring, old_standard_altar, serial_bayou,
          serial_bayou_pond_e, serial_bayou_shore_a, serial_bayou_lagoon_a,
          serial_bayou_pond_d, patterned_corridor
D:3:      layout_basic, biasface_ghost_orc_armoury, uniq_sigmund, uniq_grinder,
          uniq_robin

Skill      XL: |  1  2  3 |
---------------+----------+-----
Maces & Flails | 3 |  3.3
Throwing       | 2 |  2.2
Dodging        | 3 |  3.2
Armour         | 1 |  1.0
Fighting       | |  2.3

Action                   |  1- 3 |  4- 6 || total
-------------------------+-------+-------++-------
Melee: Flail             |   109 |     9 ||   118
Throw: Throwing net      |     1 |     3 ||     4
  Use: Scroll            |     5 |       ||     5
 Stab: Held in net/web   |       |     1 ||     1
  Eat: Chunk             |     4 |       ||     4
Armor: Scale mail        |    40 |     5 ||    45
       Leather armour    |    11 |       ||    11
Dodge: Dodged            |    75 |     4 ||    79
